 Dungeon Crawl Stone Soup version 0.29.1-2-gbd0b4ee654 (webtiles) character file.

Game seed: 13360494314170014658

110779 Icepheonix32 the Martial Artist (level 15, -3/96 HPs)
             Began as a Demigod Transmuter on Nov 11, 2022.
             Slain by Agnes
             ... wielding a +4 antimagic lajatang
              (27 damage)
             ... on level 15 of the Dungeon.
             The game lasted 01:37:36 (25957 turns).

Icepheonix32 the Martial Artist (DgTm)             Turns: 25957, Time: 01:37:37

Health: -3/96      AC: 24    Str: 23    XL:     15   Next: 59%
Magic:  0/32       EV: 19    Int: 27    God:
Gold:   680        SH:  0    Dex: 24    Spells: 2/32 levels left

rFire   . . .      SeeInvis .     - Unarmed
rCold   . . .      Faith    .   (shield currently unavailable)
rNeg    + . .      Spirit   .   X - +7 ring mail of the Muttering Gods {rN+}
rPois   +          Reflect  .   O - +2 helmet
rElec   +          Harm     .   y - +1 cloak of the Wild Haggis {Will++ Str+5}
rCorr   .          Rampage  .   (gloves currently unavailable)
Will    +++..                   A - +1 pair of boots
Stlth   ++........              k - amulet of regeneration
HPRegen 1.06/turn               f - +4 ring of protection
MPRegen 0.23/turn               C - ring of Grace {rElec rPois Str+6 Dex+3}

@: blade hands, spiked, unable to drink
A: high MP 1, forlorn, divine attributes, iridescent scales 1, clever 1,
deformed body, frail 1, weak 1, inability to drink after injury 1
a: End Transformation


You were on level 15 of the Dungeon.
You had blades for hands.
You visited 3 branches of the dungeon, and saw 22 of its levels.
You also visited: Ossuary, Bailey and Volcano.

You collected 2077 gold pieces.
You spent 1397 gold pieces at shops.

Inventory:

Missiles
 a - 3 throwing nets
 h - 3 silver javelins
 E - 20 boomerangs
 Q - 11 javelins
 V - 9 curare-tipped darts
Armour
 y - the +1 cloak of the Wild Haggis (worn) {Will++ Str+5}
   (You found it on level 6 of the Dungeon)

   Str:       It affects your strength (+5).
   Will:      It greatly increases your willpower.
 A - a +1 pair of boots (worn)
 I - the +0 pair of gloves of Vahuz {Dex+4 SInv}
   (You found it in a bailey)

   Dex:       It affects your dexterity (+4).
   SInv:      It lets you see invisible.
 J - a +2 scale mail of fire resistance
 K - the +1 leather armour of the Hidden Vale {Int+4}
   (You found it in a bailey)

   Int:       It affects your intelligence (+4).
 L - the +4 ring mail of Xor Vys {+Inv rPois rF- rCorr}
   (You found it on level 11 of the Dungeon)

   rF:        It makes you vulnerable to fire.
   rPois:     It protects you from poison.
   +Inv:      It lets you turn invisible.
   rCorr:     It protects you from acid and corrosion.
 O - a +2 helmet (worn)
 P - a +2 robe of cold resistance
 T - the +1 leather armour of Warahutz {*Corrode Slay+3 SInv}
   (You found it on level 2 of the Lair of Beasts)

   Slay:      It affects your accuracy & damage with ranged weapons and melee
   (+3).
   SInv:      It lets you see invisible.
   *Corrode:  It may corrode you when you take damage.
 W - the +3 pair of gloves "Fung" (melded) {rC+ Str+4}
   (You found it on level 3 of the Lair of Beasts)

   Str:       It affects your strength (+4).
   rC:        It protects you from cold.
 X - the +7 ring mail of the Muttering Gods (worn) {rN+}
   (You found it on level 3 of the Lair of Beasts)

   rN:        It protects you from negative energy.
 Y - the +1 robe of Vines {NoPotionHeal Regen++++}
   (You found it on level 5 of the Lair of Beasts)

   Its wearer cannot be healed by potions.
   Regen:     It increases your rate of health regeneration.
 Z - a +1 cloak of fire resistance
Jewellery
 b - a ring of resist corrosion
 c - an amulet of the acrobat
 f - a +4 ring of protection (left blade hand)
 k - an amulet of regeneration (around neck)
 r - the ring of Moderation {Str+5 SInv}
   (You bought it in a shop on level 2 of the Orcish Mines)

   [ring of see invisible]

   Str:       It affects your strength (+5).
   SInv:      It lets you see invisible.
 C - the ring of Grace (right blade hand) {rElec rPois Str+6 Dex+3}
   (You acquired it on level 5 of the Lair of Beasts)

   [ring of strength]

   Str:       It affects your strength (+6).
   Dex:       It affects your dexterity (+3).
   rElec:     It insulates you from electricity.
   rPois:     It protects you from poison.
 M - a ring of ice
 R - a ring of positive energy
Wands
 n - a wand of flame (45)
 B - a wand of charming (10)
 D - a wand of iceblast (14)
 F - a wand of light (11)
 U - a wand of mindburst (5)
Scrolls
 e - 3 scrolls of poison
 i - 4 scrolls of immolation
 l - 12 scrolls of teleportation
 q - 4 scrolls of enchant weapon
 s - 12 scrolls of identify
 u - 4 scrolls of fog
 x - 2 scrolls of magic mapping
 H - a scroll of brand weapon
Potions
 d - 12 potions of curing
 g - 4 potions of attraction
 j - a potion of heal wounds
 m - 4 potions of resistance
 o - 3 potions of mutation
 p - 3 potions of haste
 t - a potion of magic
 v - 5 potions of flight
 w - a potion of ambrosia
 z - 2 potions of cancellation
 G - 2 potions of invisibility
 N - a potion of brilliance
Miscellaneous
 S - a condenser vane


   Skills:
 + Level 3.6 Fighting
 + Level 6.5 Armour
 * Level 9.8 Dodging
 + Level 3.2 Stealth
 + Level 14.4 Unarmed Combat
 + Level 9.1 Spellcasting
 + Level 1.1 Conjurations
 * Level 8.2 Hexes
 * Level 13.0 Transmutations
 + Level 3.4 Ice Magic
 * Level 2.7 Air Magic
 * Level 4.5 Poison Magic
 + Level 4.4 Evocations


You had 2 spell levels left.
You knew the following spells:

 Your Spells              Type           Power      Damage    Failure   Level
a - Mephitic Cloud        Conj/Pois/Air  27%        N/A       38%         3
b - Spider Form           Tmut/Pois      56%        N/A       12%         3
c - Wereblood             Tmut           70%        N/A       6%          2
d - Ice Form              Ice/Tmut       54%        N/A       24%         4
e - Blade Hands           Tmut           35%        N/A       14%         5
f - Tukima's Dance        Hex            54%        N/A       13%         3
g - Alistair's Intoxicat  Tmut/Pois      37%        N/A       34%         5
h - Yara's Violent Unrav  Hex/Tmut       31%        3d13      24%         5

Your spell library contained the following spells:

 Spells                   Type           Power      Damage    Failure   Level
 Beastly Appendage        Tmut           100%       N/A       4%          1
 Slow                     Hex            100%       N/A       10%         1
 Freeze                   Ice            100%       1d11      21%         1
 Magic Dart               Conj           72%        1d6       32%         1
 Static Discharge         Conj/Air       22%        3-6/arc   32%         2
 Necrotise                Necr           48%        1d6       38%         1
 Summon Small Mammal      Summ           48%        N/A       38%         1
 Searing Ray              Conj           36%        2d5       38%         2
 Call Imp                 Summ           12%        N/A       47%         2
 Scorch                   Fire           24%        2d6       47%         2
 Confusing Touch          Hex            54%        N/A       13%         3
 Ignite Poison            Fire/Tmut/Pois 43%        N/A       21%         3
 Dazzling Flash           Conj/Hex       74%        N/A       26%         3
 Portal Projectile        Hex/Tloc       68%        N/A       30%         3
 Leda's Liquefaction      Hex/Erth       17%        N/A       52%         4
 Silence                  Hex/Air        20%        N/A       63%         5
 Call Canine Familiar     Summ           12%        N/A       65%         3
 Vampiric Draining        Necr           12%        2d6       65%         3
 Summon Mana Viper        Hex/Summ       34%        N/A       78%         5
 Flame Wave               Conj/Fire      15%        2d7       87%         4
 Sticky Flame             Conj/Fire      15%        2d4       87%         4
 Dispel Undead            Necr           12%        3d9       90%         4
 Agony                    Necr           12%        N/A       99%         5
 Summon Forest            Summ/Tloc      6%         N/A       99%         5
 Enfeeble                 Hex            27%        N/A       99%         7
 Conjure Ball Lightning   Conj/Air       11%        3x3d6     100%        6
 Summon Cactus Giant      Summ           6%         N/A       100%        6
 Discord                  Hex            27%        N/A       100%        8
 Disjunction              Tloc           6%         N/A       100%        8
 Lehudib's Crystal Spear  Conj/Erth      7%         10d3      100%        8
 Necromutation            Tmut/Necr      23%        N/A       100%        8
 Dragon's Call            Summ           6%         N/A       100%        9


Dungeon Overview and Level Annotations

Branches:
Dungeon (15/15)            Temple (0/1) D:4            Lair (5/5) D:10
 Shoals (0/4) Lair:2        Snake (0/4) Lair:3        Slime (0/5) Lair:5
    Orc (2/2) D:11            Elf (0/3) Orc:2        Vaults (0/5) D:14
Ossuary (visited)          Bailey (visited)         Volcano (visited)
 Depths: D:15

Shops:
D:2 :   Orc:2 ?:(=

Portals:
Trove: D:14 (give +3 storm dragon scales)

Annotations:
D:13 4 transporters
D:15 Agnes
Lair:5 1 runed translucent door


Innate Abilities, Weirdness & Mutations

You have blades for hands.
Your spellcasting is less reliable in this form.
You are incapable of wielding weapons or throwing items.
You have an increased reservoir of magic. (+10% MP)
You shall have no god before yourself.
Your divine heritage dramatically boosts your attributes as you level up.
You are partially covered in iridescent scales. (AC +2)
Your mind is acute. (Int +4, Str/Dex -1)
Armour fits poorly on your strangely shaped body.
You are frail. (-10% HP)
You are weak. (Str -2)
You occasionally lose the ability to drink potions when taking damage.


Message History

Unknown command.
You shred Agnes!!!
Agnes is heavily wounded.
You hear two shouts!
You hear a shout!
Agnes hits you with a +4 antimagic lajatang!
You feel your power leaking away.
The hellwing hits you but does no damage. x2
The red devil barely misses you.
You slice Agnes!!
Agnes is severely wounded.
Agnes completely misses you. The hellwing misses you.
The hellwing hits you but does no damage.
The red devil hits you but does no damage.
Agnes hits you but does no damage.
Unknown command.
You barely miss Agnes.
Agnes is severely wounded.
Your primal bloodlust has ended.
Agnes completely misses you.
The hellwing hits you but does no damage.
The hellwing closely misses you.
The red devil hits you from afar with a +0 trident!
Barbed spikes become lodged in your body.
You hit Agnes.
Agnes is severely wounded.
Agnes hits you with a +4 antimagic lajatang!!
You feel your power leaking away.
Unknown command.
You hit Agnes.
Agnes is severely wounded.
Agnes hits you with a +4 antimagic lajatang!!
* * * LOW HITPOINT WARNING * * *
The hellwing barely misses you.
The hellwing hits you but does no damage.
The hellwing hits you.
* * * LOW HITPOINT WARNING * * *
The hellwing misses you. The red devil misses you.
Agnes hits you with a +4 antimagic lajatang!!
You feel threatened and lose the ability to drink potions!
You die...

###... ##+##
......###....#
.............#
.............+
.............#
.....4.......# ..
......4......###+##
...
#!..i@4....##...###...
#.....................
#.....................
#.....................
#[...............§P...
#................§≈≈..
#...##.....##..§§§≈≈P.
#... #.....######.....
#...#......+.....##...


You could see Agnes, 2 hellwings and a red devil.

Vanquished Creatures
  Jorgrun (D:14)
  Kirke (Lair:3)
  Nessos (D:13)
  4 dire elephants (Lair:5)
  Azrael (D:15)
  8 vault guards
  10 hydras
  4 boulder beetles
  Fannar (D:12)
  The ghost of cdecastro the Unseen, a journeyman NaEn of Nemelex Xobeh (D:11)
  2 catoblepae
  2 ogre magi (Orc:2)
  The ghost of Cheops the Placeless Draconian, a journeyman DrCj of Vehumet (D:10)
  3 centaur warriors
  11 two-headed ogres
  7 death yaks
  An orc high priest (Orc:2)
  A spectral dire elephant (Lair:5)
  Sonja (Lair:5)
  A salamander mystic (Volcano)
  A spectral anaconda (Lair:5)
  An obsidian statue (Lair:5)
  A wizard (Volcano)
  2 deep trolls (Orc:2)
  3 orc knights
  A wolf spider (D:11)
  3 deep elf pyromancers
  4 manticores
  3 necromancers (Lair:5)
  2 oklob plants
  An ugly thing (D:11)
  A salamander (Volcano)
  2 merfolk sirens (Lair:2)
  9 cyclopes
  24 elephants
  3 molten gargoyles (Volcano)
  7 black mambas
  11 cane toads
  A torpor snail (Lair:5)
  8 gargoyles
  3 kobold demonologists
  3 rime drakes
  An efreet (D:13)
  14 komodo dragons
  5 tengu conjurers
  2 polar bears
  A red devil (D:15)
  15 trolls
  2 merfolk (Lair:2)
  Prince Ribbit (Lair:3)
  18 blink frogs
  5 dream sheep (Lair:5)
  2 vampires
  3 shadows (D:11)
  3 wyverns
  7 fire elementals (D:15)
  A basilisk (D:13)
  3 hogs (Lair:3)
  52 yaks
  4 wraiths
  2 steam dragons
  10 vampire mosquitoes
  A naga (Lair:3)
  4 wargs
  3 death yak simulacra (Lair:5)
  A spectral cane toad (Lair:5)
  A hell hound (D:15)
  3 acid dragons
  8 water moccasins
  18 orc warriors
  3 ice beasts
  3 black bears
  2 sky beasts
  21 ogres
  11 wolves
  17 centaurs
  An elephant skeleton (Lair:5)
  2 kobold brigands
  2 phantoms (D:6)
  9 bullfrogs
  A necrophage (D:1)
  2 scorpions
  3 gnoll sergeants
  3 cane toad simulacra (Lair:5)
  Dowan (D:6)
  A hornet simulacrum (D:15)
  24 killer bees
  8 vampire bats (Bailey)
  4 howler monkeys
  7 wolf zombies (Bailey)
  4 crimson imps (D:8)
  2 hounds
  4 jellies
  2 gnoll boudas
  A human zombie (Ossuary)
  11 orc priests
  2 iguanas
  Natasha (thrice) (D:2)
  21 orc wizards
  3 mummies (Ossuary)
  35 gnolls
  7 adders
  A white imp (D:5)
  2 ufetubi
  A worm (D:5)
  A dart slug (D:2)
  69 orcs
  7 ball pythons
  4 bats
  13 endoplasms
  A giant cockroach (D:3)
  9 goblins
  11 hobgoblins
  4 jackals
  7 quokkas
  5 frilled lizards
  A gnoll zombie (Ossuary)
  3 goblin zombies (Ossuary)
  9 hobgoblin zombies (Ossuary)
  12 kobolds
  19 orc zombies (Bailey)
  10 rats
755 creatures vanquished.

Vanquished Creatures (collateral kills)
  A troll (Orc:2)
  An ogre (Orc:2)
  An orc (Orc:1)
3 creatures vanquished.

Vanquished Creatures (others)
  A spectral death yak (Lair:5)
  A dancing weapon (Orc:2)
  35 fungi
  50 plants
  21 withered plants (Lair:5)
108 creatures vanquished.

Grand Total: 866 creatures vanquished

Notes
Turn   | Place    | Note
-------+----------+-------------------------------------------
     0 | D:1      | Icepheonix32 the Demigod Transmuter began the quest for the
                  | Orb.
     0 | D:1      | Reached XP level 1. HP: 15/15 MP: 5/5
   238 | D:1      | Reached skill level 3 in Unarmed Combat
   238 | D:1      | Reached XP level 2. HP: 4/22 MP: 7/7
   754 | D:1      | Reached skill level 1 in Fighting
  1016 | D:1      | Reached XP level 3. HP: 26/28 MP: 8/8
  1029 | D:1      | Learned a level 3 spell: Spider Form
  1032 | D:1      | Learned a level 2 spell: Wereblood
  1350 | D:2      | Noticed a necrophage
  1366 | D:1      | HP: 1/24 [necrophage (3)]
  1371 | D:1      | Killed a necrophage
  1372 | D:1      | Reached XP level 4. HP: 14/35 MP: 7/10
  1575 | D:2      | Reached skill level 1 in Poison Magic
  1865 | D:2      | Found Haaddaov's Book Shop.
  1939 | D:2      | Noticed Natasha
  1942 | D:2      | Killed Natasha
  1973 | D:2      | Noticed Natasha
  1983 | D:2      | Killed Natasha
  1984 | D:2      | Reached XP level 5. HP: 25/40 MP: 11/11
  2026 | D:2      | Reached skill level 4 in Unarmed Combat
  2481 | D:2      | Noticed Natasha
  2491 | D:2      | Killed Natasha
  3538 | D:4      | Reached XP level 6. HP: 46/47 MP: 11/13
  3543 | D:4      | Learned a level 4 spell: Ice Form
  3724 | D:5      | Entered Level 5 of the Dungeon
  3797 | D:5      | Found a sand-covered staircase.
  3806 | Ossuary  | Entered an ossuary
  3806 | Ossuary  | Noticed a wraith
  3806 | Ossuary  | Noticed a wraith
  3806 | Ossuary  | Noticed a wraith
  3808 | Ossuary  | Gained mutation: Your spells are a little easier to cast,
                  | but a little less powerful. [potion of mutation]
  3808 | Ossuary  | Lost mutation: Your spells are a little easier to cast, but
                  | a little less powerful. [potion of mutation]
  3808 | Ossuary  | Gained mutation: You have sharp toenails. [potion of
                  | mutation]
  3809 | Ossuary  | Lost mutation: You have sharp toenails. [potion of
                  | mutation]
  3809 | Ossuary  | Gained mutation: You are frail. (-10% HP) [potion of
                  | mutation]
  3809 | Ossuary  | Gained mutation: You are partially covered in iridescent
                  | scales. (AC +2) [potion of mutation]
  3809 | Ossuary  | Gained mutation: Your mind is acute. (Int +4, Str/Dex -1)
                  | [potion of mutation]
  3890 | Ossuary  | Reached skill level 1 in Ice Magic
  4014 | Ossuary  | Noticed a wraith
  4029 | Ossuary  | Killed a wraith
  4030 | Ossuary  | Reached XP level 7. HP: 24/46 MP: 6/15
  4418 | D:5      | Reached skill level 1 in Stealth
  5483 | D:4      | Reached skill level 5 in Unarmed Combat
  5508 | D:4      | Reached XP level 8. HP: 31/53 MP: 12/16
  5513 | D:4      | Reached skill level 5 in Transmutations
  5776 | D:4      | Found a staircase to the Ecumenical Temple.
  5985 | D:6      | Identified the +1 cloak of the Wild Haggis {Will++ Str+5}
  6264 | D:6      | Reached skill level 5 in Spellcasting
  6391 | D:6      | Noticed Dowan
  6402 | D:6      | Learned a level 5 spell: Blade Hands
  6829 | D:6      | Reached XP level 9. HP: 57/57 MP: 18/20
  8317 | D:8      | Reached skill level 10 in Transmutations
  8418 | D:8      | Reached XP level 10. HP: 64/64 MP: 16/21
  8453 | D:8      | Learned a level 3 spell: Tukima's Dance
  8473 | D:8      | Reached skill level 6 in Unarmed Combat
  8516 | D:8      | Reached skill level 1 in Hexes
  8878 | D:9      | Noticed a two-headed ogre
  8889 | D:9      | Killed a two-headed ogre
  8890 | D:9      | Reached skill level 7 in Unarmed Combat
  9875 | D:10     | Entered Level 10 of the Dungeon
  9947 | D:10     | Reached skill level 5 in Dodging
  9988 | D:10     | Found a flagged portal.
 10016 | Bailey   | Entered a bailey
 10218 | Bailey   | Identified the +0 pair of gloves of Vahuz {Dex+4 SInv}
 10290 | Bailey   | Identified the +1 chain mail "Muhoc" {Stlth+}
 10291 | Bailey   | Identified the +1 leather armour of the Hidden Vale {Int+4}
 10359 | Bailey   | Identified the +10 plate armour "Reotuito" {Str+3}
 10478 | D:10     | Reached XP level 11. HP: 62/70 MP: 17/22
 10506 | D:10     | Reached skill level 8 in Unarmed Combat
 10562 | D:10     | Noticed a two-headed ogre
 10592 | D:10     | Killed a two-headed ogre
 10746 | D:10     | Found a runed translucent door.
 10751 | D:10     | Noticed Cheops's ghost (journeyman DrCj)
 10835 | D:10     | Found a staircase to the Lair.
 11325 | D:10     | Learned a level 3 spell: Confusing Touch
 11642 | D:6      | Killed Dowan
 12009 | D:10     | Killed Cheops's ghost
 12145 | D:11     | Found a staircase to the Orcish Mines.
 12197 | D:11     | Identified the +4 ring mail of Xor Vys {+Inv rPois rF-
                  | rCorr}
 12245 | D:11     | Found a transporter.
 12257 | D:11     | Reached skill level 9 in Unarmed Combat
 12319 | D:11     | Noticed a boulder beetle
 12335 | D:11     | Killed a boulder beetle
 12336 | D:11     | Reached skill level 1 in Armour
 12340 | D:11     | Noticed a boulder beetle
 12376 | D:11     | Found a transporter.
 12389 | D:11     | Noticed cdecastro's ghost (journeyman NaEn)
 13050 | D:12     | Noticed Fannar
 13062 | D:12     | Killed Fannar
 13177 | D:12     | Noticed a two-headed ogre
 13191 | D:12     | Killed a two-headed ogre
 13303 | D:12     | Noticed a deep elf pyromancer
 13327 | D:12     | Killed a deep elf pyromancer
 13328 | D:12     | Reached XP level 12. HP: 55/77 MP: 25/25
 13621 | Lair:1   | Entered Level 1 of the Lair of Beasts
 13932 | Lair:1   | Reached skill level 1 in Evocations
 14101 | Lair:1   | Identified the +0 robe of Ylok {-Tele Contam rPois rN++}
 14107 | Lair:1   | Identified the +10 short sword "Ymoh" {protect, rF+ Int+2}
 14142 | Lair:1   | Reached skill level 10 in Unarmed Combat
 14579 | Lair:2   | Noticed a four-headed hydra
 14582 | Lair:2   | Identified the +1 leather armour of Warahutz {*Corrode
                  | Slay+3 SInv}
 14585 | Lair:2   | Noticed a catoblepas
 14600 | Lair:2   | Killed a catoblepas
 14607 | Lair:2   | Killed a four-headed hydra
 14643 | Lair:2   | HP: 4/94 [wolf (8)]
 15070 | Lair:2   | Reached skill level 5 in Hexes
 15327 | Lair:2   | Found a staircase to the Shoals.
 16030 | Lair:3   | Identified the +7 ring mail of the Muttering Gods {rN+}
 16116 | Lair:3   | Noticed Kirke
 16148 | Lair:3   | Killed Kirke
 16209 | Lair:3   | Identified the +3 quarterstaff of the Protecting Gods
                  | {freeze, MP+9 SInv}
 16224 | Lair:3   | Found a staircase to the Snake Pit.
 16238 | Lair:3   | Reached skill level 11 in Unarmed Combat
 16283 | Lair:3   | Identified the +3 pair of gloves "Fung" {rC+ Str+4}
 16585 | Lair:3   | Noticed Prince Ribbit
 16592 | Lair:3   | Killed Prince Ribbit
 16599 | Lair:3   | Reached XP level 13. HP: 74/83 MP: 23/27
 16905 | Lair:4   | Found a dark tunnel.
 16912 | Volcano  | Entered a volcano
 16959 | Volcano  | Reached skill level 5 in Armour
 17110 | Volcano  | Noticed an orb of fire
 17221 | Volcano  | Noticed an orb of fire
 18092 | Lair:5   | Entered Level 5 of the Lair of Beasts
 18092 | Lair:5   | Noticed Sonja
 18110 | Lair:5   | Killed Sonja
 18137 | Lair:5   | Reached skill level 12 in Unarmed Combat
 18256 | Lair:5   | Learned a level 5 spell: Yara's Violent Unravelling
 19032 | Lair:5   | Found the +1 robe of Vines {NoPotionHeal Regen++++}
 19096 | Lair:5   | Reached XP level 14. HP: 55/90 MP: 24/30
 19114 | Lair:5   | HP: 3/135 [komodo dragon (22)]
 19935 | Lair:5   | Found a runed translucent door.
 19936 | Lair:5   | Found a staircase to the Slime Pits.
 19936 | Lair:5   | Noticed an azure jelly
 19936 | Lair:5   | Noticed an azure jelly
 20325 | Orc:1    | Entered Level 1 of the Orcish Mines
 20340 | D:11     | Reached skill level 13 in Unarmed Combat
 20368 | D:11     | Gained mutation: You have hidden genetic defects.
                  | [mutagenic glow]
 20387 | D:11     | Gained mutation: You occasionally lose the ability to drink
                  | potions when taking damage. [mutagenic glow]
 20414 | Orc:1    | You fall into a shaft and drop 1 floor!
 20414 | Orc:2    | Entered Level 2 of the Orcish Mines
 20582 | Orc:2    | Found a staircase to the Elven Halls.
 20873 | Orc:2    | Found Rycetaz's Jewellery Boutique.
 21121 | Orc:2    | Gained mutation: Armour fits poorly on your strangely
                  | shaped body. [hidden defects]
 21161 | Orc:2    | Found Ryqog's Book Boutique.
 21164 | Orc:2    | Found Teamugik's Magic Scroll Emporium.
 21267 | Orc:2    | Found Aduydghoh's Weapon Shop.
 21693 | Orc:2    | Bought the ring of Moderation {Str+5 SInv} for 422 gold
                  | pieces
 21970 | D:2      | Bought a book of Minor Magic for 198 gold pieces
 22243 | Orc:2    | Bought the Incunable of the Variable Chill for 650 gold
                  | pieces
 22249 | Orc:2    | Bought a scroll of blinking for 127 gold pieces
 22256 | Orc:2    | Learned a level 5 spell: Alistair's Intoxication
 22422 | D:11     | Killed cdecastro's ghost
 22441 | D:11     | Gained mutation: You are weak. (Str -2) [hidden defects]
 22441 | D:11     | Lost mutation: You have hidden genetic defects. [hidden
                  | defects expressed]
 22980 | D:13     | Found a transporter.
 23015 | D:13     | Found a transporter.
 23452 | D:13     | Noticed Nessos
 23458 | D:13     | Killed Nessos
 23519 | D:13     | Found a transporter.
 23649 | D:13     | Found a transporter.
 23918 | Lair:5   | Reached XP level 15. HP: 96/96 MP: 26/32
 24006 | Lair:5   | Reached skill level 14 in Unarmed Combat
 24034 | Lair:5   | Identified a scroll of acquirement
 24035 | Lair:5   | Acquired the ring of Grace {rElec rPois Str+6 Dex+3}
 24161 | Lair:5   | Learned a level 3 spell: Mephitic Cloud
 24287 | Lair:5   | Reached skill level 1 in Air Magic
 24334 | Lair:5   | Got the Compilation of Harmful Accompaniment
 24969 | D:14     | Noticed Jorgrun
 24987 | D:14     | Killed Jorgrun
 24988 | D:14     | Reached skill level 1 in Conjurations
 25496 | D:14     | Found a gate to the Vaults.
 25686 | D:14     | Found a portal to a secret trove of treasure.
 25863 | D:15     | Entered Level 15 of the Dungeon
 25872 | D:15     | Noticed Azrael
 25887 | D:15     | Killed Azrael
 25949 | D:15     | Noticed Agnes
 25957 | D:15     | Slain by Agnes

Illustrated notes

Levels and vault maps discovered:
D:1:      dpeg_arrival_simpleton_c, layout_basic, feat_on_display
D:2:      layout_basic, serial_shops, nicolae_square_shop, uniq_natasha
D:3:      layout_rooms, nicolae_concentric_dashed_squares_mild,
          corexii_item_surrounded_by_moat, hangedman_decor_riveting,
          minmay_joined_circles
D:4:      layout_rooms, mainiacjoe_overflow_catch_the_wave, temple_green,
          minmay_bisected
D:5:      layout_gridville, lightli_ossuary_entry_decrepit_ruins
D:6:      layout_loops_ring, kennysheep_generic_room_6, uniq_duvessa
D:7:      layout_basic
D:8:      layout_loops_ring, nicolae_gozag_cash_rules_everything_around_me,
          led_xom_imps
D:9:      layout_basic
D:10:     layout_roguey, lair_entry_dummy, lightli_bailey_entry_fortress,
          ebering_ghost_reflecting_pool, solitary_fountain, roderic_lattice_a
D:11:     layout_irregular_city, david_orc_3, nzn_ghost_randoct
D:12:     layout_basic, serial_bayou_crossing, uniq_fannar
D:13:     layout_basic, nicolae_diode_intersection, uniq_nessos
D:14:     layout_basic, erik_vaults_2, minmay_misc_feat_chi,
          nicolae_trove_entry_free_sample, uniq_jorgrun
D:15:     gammafunk_enter_depths_forms, layout_gridville, serial_demonic,
          serial_demonic_a, serial_demonic_g, serial_demonic_b,
          serial_demonic_g, serial_demonic_b, serial_demonic_d, uniq_agnes,
          uniq_azrael
Lair:1:   layout_gridlike
Lair:2:   layout_roguey, elwin_shoals_entry_stream, minmay_holes,
          chequers_serial_rivers_marsh
Lair:3:   layout_cellular_growth, guppyfry_snake_entry_island,
          lemuel_fruit_tree, uniq_kirke, uniq_prince_ribbit2
Lair:4:   layout_roguey, nicolae_volcano_entry_s_turn
Lair:5:   due_jungle_book, layout_cellular_growth, slime_entry_2,
          hellmonk_guarded_unrand_vines, uniq_sonja
Orc:1:    layout_diamond_mine, bloody_makhleb
Orc:2:    st_orc_open, layout_diamond_mine

Skill      XL: |  1  2  3  4  5  6  7  8  9 10 11 12 13 14 15 |
---------------+----------------------------------------------+-----
Unarmed Combat | 3 4 5 7 9 11 12 13 14 | 14.4
Transmutations | 2 3 4 6 10 11 12 13 | 13.0
Fighting       | 1 2 3 |  3.6
Spellcasting   | 2 3 5 6 7 8 9 |  9.1
Dodging        | 2 3 5 7 8 9 |  9.8
Poison Magic   | 1 2 3 4 |  4.5
Ice Magic      | 2 3 |  3.4
Stealth        | 1 2 3 |  3.2
Hexes          | 2 4 5 6 7 8 |  8.2
Armour         | 2 4 6 |  6.5
Evocations     | 3 4 |  4.4
Air Magic      | 2 |  2.7
Conjurations   | 1 |  1.1

Action                   |  1- 3 |  4- 6 |  7- 9 | 10-12 | 13-15 || total
-------------------------+-------+-------+-------+-------+-------++-------
Melee: Unarmed           |    69 |   225 |   427 |   638 |   931 ||  2290
       Punch             |     1 |     4 |     5 |    48 |    99 ||   157
       Kick              |    16 |    41 |    41 |       |       ||    98
       Headbutt          |     7 |    20 |    24 |       |       ||    51
Throw: Javelin           |       |     3 |       |     2 |       ||     5
       Dart              |       |       |       |       |     3 ||     3
 Cast: Beastly Appendage |    16 |    36 |    24 |       |       ||    76
       Spider Form       |       |     3 |    16 |     3 |     2 ||    24
       Wereblood         |       |     6 |    10 |    23 |    33 ||    72
       Ice Form          |       |     1 |    14 |     5 |     9 ||    29
       Blade Hands       |       |       |     1 |    61 |    83 ||   145
       Confusing Touch   |       |       |       |     1 |       ||     1
       Tukima's Dance    |       |       |       |       |    10 ||    10
       Alistair's Intoxi |       |       |       |       |     3 ||     3
       Yara's Violent Un |       |       |       |       |     2 ||     2
 Abil: End Transformatio |       |       |       |       |     4 ||     4
Evoke: Wand              |       |       |       |     1 |    20 ||    21
  Use: Potion            |     2 |     5 |     1 |     5 |     9 ||    22
       Scroll            |     1 |    10 |     8 |     8 |    10 ||    37
 Stab: Sleeping          |       |     5 |     5 |     1 |       ||    11
       Invisible         |       |       |       |     1 |     2 ||     3
       Confused          |       |       |       |     1 |       ||     1
       Petrified         |       |       |       |     6 |       ||     6
       Petrifying        |       |       |       |     1 |       ||     1
Armor: Skin              |     3 |     4 |   103 |    59 |    95 ||   264
       Robe              |     8 |    46 |    44 |       |       ||    98
       Steam dragon scal |       |       |    25 |   134 |       ||   159
       Leather armour    |       |       |       |    32 |       ||    32
       Ring mail         |       |       |       |    87 |   351 ||   438
       Scale mail        |       |       |       |       |    42 ||    42
Dodge: Dodged            |    32 |   128 |   292 |   523 |   836 ||  1811
